 Dungeon Crawl Stone Soup version 0.24.0-125-gc4c63601f3 (webtiles) character file.

Game seed: 14784189949710576875, levelgen mode: deterministic

281 1994 the Merchant of Misery (level 6, -8/46 HPs)
             Began as a Mummy Necromancer on Mar 13, 2020.
             Was a Believer of Kikubaaqudgha.
             Mangled by a mummy (15 damage)
             ... in an ossuary.
             The game lasted 00:18:31 (4291 turns).

1994 the Merchant of Misery (Mummy Necromancer)     Turns: 4291, Time: 00:18:31

Health: -8/46      AC:  6    Str: 12    XL:     6   Next: 6%
Magic:  13/13      EV: 12    Int: 16    God:    Kikubaaqudgha [**....]
Gold:   185        SH:  0    Dex: 12    Spells: 3/14 levels left

rFire    x . .     SeeInvis .   a - +0 quarterstaff
rCold    + . .     Gourm    .   (shield currently unavailable)
rNeg     + + +     Faith    .   i - +0 leather armour
rPois    ∞         Spirit   .   h - +1 helmet
rElec    .         Reflect  .   (no cloak)
rCorr    .         Harm     .   c - +0 pair of gloves
MR       .....                  (no boots)
Stlth    +.........             (no amulet)
HPRegen  0.15/turn              (no ring)
MPRegen  0.13/turn              (no ring)

@: marked
A: no food or potions, fire vulnerability, cold resistance 1, negative energy
resistance 3, torment resistance, unbreathing
a: Receive Corpses, Renounce Religion


You were in an ossuary.
You worshipped Kikubaaqudgha.
Kikubaaqudgha was pleased with you.
You were not hungry.

You visited 1 branch of the dungeon, and saw 4 of its levels.
You also visited: Ossuary.

You collected 185 gold pieces.

Inventory:

Hand Weapons
 a - a +0 quarterstaff (weapon)
 m - a +0 dagger
Missiles
 b - 110 stones (quivered)
 f - a throwing net
 l - 27 sling bullets
Armour
 c - a +0 pair of gloves (worn)
 h - a +1 helmet (worn)
 i - a +0 leather armour (worn)
 p - a +0 ring mail
Magical Staves
 n - an uncursed staff of conjuration
Wands
 o - a wand of clouds (8)
Scrolls
 d - a scroll of fog
 e - a scroll of fear
 g - a scroll of enchant armour {unknown}
 j - a scroll of amnesia {unknown}
 k - 2 scrolls of remove curse


   Skills:
 + Level 2.4 Fighting
 - Level 1.8 Dodging
 - Level 1.5 Stealth
 + Level 4.9 Spellcasting
 * Level 5.7 Necromancy


You had 3 spell levels left.
You knew the following spells:

 Your Spells              Type           Power        Failure   Level  Hunger
a - Pain                  Necr           ###.         1%          1    N/A
b - Animate Skeleton      Necr           N/A          1%          1    N/A
c - Vampiric Draining     Necr           ###.......   5%          3    N/A
d - Animate Dead          Necr           N/A          19%         4    N/A
e - Corpse Rot            Necr           N/A          2%          2    N/A

Your spell library contained the following spells:

 Spells                   Type           Power        Failure   Level  Hunger
 Regeneration             Chrm/Necr      Unusable     N/A         3    N/A

Dungeon Overview and Level Annotations

Branches:
Dungeon (4/15)            Ossuary (1/1)
 Temple: D:4-7

Altars:
Cheibriados
Kikubaaqudgha
Okawaru
Qazlal

Shops:
D:4 =

Annotations:
D:3 2 transporters


Innate Abilities, Weirdness & Mutations

You do not eat or drink.
Your flesh is vulnerable to fire.
You are immune to poison.
Your flesh is cold resistant. (rC+)
You are immune to negative energy. (rN+++)
You are immune to unholy pain and torment.
You can survive without breathing.


Message History

The jackal zombie barely misses you.
You thump the jackal zombie!
You destroy the jackal zombie!
Kikubaaqudgha accepts your kill. The mummy completely misses you.
The adder zombie bites you. The rat zombie barely misses you.
The mummy hits you!
* * * LOW HITPOINT WARNING * * *
You hit the adder zombie.
The adder zombie is moderately damaged.
The adder zombie barely misses you. The mummy closely misses you.
The rat zombie bites you.
* * * LOW HITPOINT WARNING * * *
Unknown command.
You hit the adder zombie.
The adder zombie is heavily damaged.
The adder zombie bites you but does no damage.
The mummy hits you but does no damage. The rat zombie misses you.
The adder zombie barely misses you. The mummy hits you!
You die...
Kikubaaqudgha rasps: "You have failed me!
Welcome... oblivion!"

#...##############...#
#...# ...# #...# #...#
#...# #...# #...#
....+####...# #...#
#.∩.....#...# #...#
#.......#...# #...#
#.......#...#
#...#.####ZZ.....#...#
#...#ZZZM@MZ.....#...#
#...#.####Z.####.#...#
#...# #..# #...# #...#
#.^# #...#
#...######.^######...#
#....................#
#........8..8........#
#....................#
#....................#


You could see 2 mummies, an adder zombie, a rat zombie, a hobgoblin zombie, a
kobold zombie, a big kobold zombie, an orc zombie and an elf zombie.

Vanquished Creatures
  A scorpion (D:4)
  2 orc priests (D:2)
  Robin (D:3)
  3 adders
  An ooze (D:3)
  An adder zombie (Ossuary)
  3 worms
  A dart slug (D:2)
  3 leopard geckos (D:2)
  12 orcs
  A ball python (D:2)
  4 bats
  3 giant cockroaches
  18 goblins
  6 hobgoblins
  A jackal (D:3)
  2 quokkas (D:2)
  7 frilled lizards
  7 hobgoblin zombies (Ossuary)
  A jackal zombie (Ossuary)
  11 kobolds
  7 kobold zombies (Ossuary)
  7 orc zombies (Ossuary)
  6 rats
  A rat zombie (Ossuary)
110 creatures vanquished.

Vanquished Creatures (collateral kills)
  A jackal (D:3)
  A frilled lizard (D:1)
2 creatures vanquished.

Grand Total: 112 creatures vanquished

Notes
Turn   | Place    | Note
-------+----------+-------------------------------------------
     0 | D:1      | 1994 the Mummy Necromancer began the quest for the Orb.
     0 | D:1      | Reached XP level 1. HP: 13/13 MP: 4/4
    65 | D:1      | Learned a level 1 spell: Animate Skeleton
   313 | D:1      | Reached XP level 2. HP: 20/20 MP: 2/5
   952 | D:1      | Reached skill level 1 in Fighting
  1237 | D:2      | Reached XP level 3. HP: 26/26 MP: 5/7
  1470 | D:2      | Learned a level 3 spell: Vampiric Draining
  1797 | D:2      | Reached XP level 4. HP: 27/32 MP: 2/10
  1867 | D:2      | Reached skill level 5 in Necromancy
  2015 | D:2      | Learned a level 4 spell: Animate Dead
  2155 | D:2      | Reached XP level 5. HP: 38/38 MP: 6/11
  2501 | D:3      | Found an ancient bone altar of Kikubaaqudgha.
  2512 | D:3      | Became a worshipper of Kikubaaqudgha
  2566 | D:3      | Found a stormy altar of Qazlal.
  2803 | D:3      | Found an iron altar of Okawaru.
  2903 | D:3      | Found a faded altar of an unknown god.
  2923 | D:3      | Found a transporter.
  2927 | D:3      | Found a transporter.
  2934 | D:3      | Noticed a gargoyle
  2937 | D:3      | Noticed a phantom
  2938 | D:3      | Found a snail-covered altar of Cheibriados.
  3351 | D:3      | Noticed Robin
  3495 | D:2      | Reached * piety under Kikubaaqudgha
  3495 | D:2      | Identified Kikubaaqudgha's Catalogue of Necromancy
                  | (Kikubaaqudgha gifted it to you on level 2 of the Dungeon)
  3495 | D:2      | Received a gift from Kikubaaqudgha
  3500 | D:2      | Learned a level 2 spell: Corpse Rot
  3570 | D:3      | Killed Robin
  3797 | D:4      | Found Egapsue's Jewellery Emporium.
  3992 | D:4      | Found a sand-covered staircase.
  3997 | Ossuary  | Entered an ossuary
  4074 | Ossuary  | Reached XP level 6. HP: 42/46 MP: 13/13
  4285 | Ossuary  | Reached ** piety under Kikubaaqudgha
  4291 | Ossuary  | Mangled by a mummy

Levels and vault maps discovered:
D:1:      minmay_arrival_shattered_statue, layout_basic
D:2:      cheibrodos_pilgrimage, layout_rooms
D:3:      layout_basic, okawaru_trees_1, gammafunk_temple_overflow_arena,
          lemuel_doored_altar, nicolae_qazlal_general_emergency,
          chequers_ecumenical_altar_twisty, minmay_quantized, uniq_robin
D:4:      layout_loops_cross, tso_altar, minmay_temple_entry_mini_moons,
          enter_ossuary_5, serial_shops, shop_statue, first_ration
Ossuary:  ossuary_tomb_1

Skill      XL: |  1  2  3  4  5 |
---------------+----------------+-----
Spellcasting   | 3 4 |  4.9
Fighting       | 1 2 |  2.4
Necromancy     | 5 |  5.7
Dodging        | |  1.8
Stealth        | |  1.5

Action                   |  1- 3 |  4- 6 || total
-------------------------+-------+-------++-------
Melee: Dagger            |     5 |     4 ||     9
       Quarterstaff      |       |    79 ||    79
Throw: Stone             |     8 |     5 ||    13
 Cast: Pain              |    83 |    92 ||   175
       Animate Skeleton  |     2 |     2 ||     4
       Vampiric Draining |       |     4 ||     4
       Corpse Rot        |       |     1 ||     1
  Use: Scroll            |     1 |     2 ||     3
 Stab: Sleeping          |       |     1 ||     1
Armor: Robe              |     5 |       ||     5
       Leather armour    |       |    52 ||    52
Dodge: Dodged            |    23 |    81 ||   104
